 Dungeon Sprint DCSS version 0.22-a0-429-g97ce8ef (webtiles) character file.

35 raistware the Digger (level 3, -4/26 HPs)
             Began as a Demigod Earth Elementalist on May 25, 2018.
             Slain by a hound (5 damage)
             ... in the Dungeon (Sprint IX: "|||||||||||||||||||||||||||||").
             The game lasted 00:00:50 (269 turns).

raistware the Digger (Demigod Earth Elementalist)    Turns: 269, Time: 00:00:50

Health: -4/26      AC:  2    Str: 11    XL:     3   Next: 2%
Magic:  0/8        EV: 12    Int: 21    God:
Gold:   0          SH:  0    Dex: 16    Spells: 4/5 levels left

rFire    . . .     SeeInvis .   a - +0 dagger
rCold    . . .     Gourm    .   (no shield)
rNeg     . . .     Faith    .   c - +0 robe
rPois    .         Spirit   .   (no helmet)
rElec    .         Reflect  .   (no cloak)
rCorr    .         Harm     .   (no gloves)
MR       .....     NoTele   +   (no boots)
Stlth    ++........             (no amulet)
HPRegen  0.08/turn              (no ring)
MPRegen  0.11/turn              (no ring)

@: very slightly contaminated
A: high mp 1
a: no special abilities


You were in the Dungeon.
You were not hungry.

You visited 1 branch

Inventory:

Hand Weapons
 a - a +0 dagger (weapon)
Missiles
 b - 24 stones (quivered)
Armour
 c - a +0 robe (worn)
Potions
 e - a potion of curing
 f - a potion of heal wounds
 g - a potion of haste
 h - 2 potions of magic
 i - a potion of berserk rage
Comestibles
 d - a ration


   Skills:
 - Level 1.7 Dodging
 - Level 1.7 Stealth
 - Level 1.7 Spellcasting
   Level 0.8 Transmutations
 + Level 6.4 Earth Magic


You had 4 spell levels left.
You knew the following spells:

 Your Spells              Type           Power        Failure   Level  Hunger
a - Sandblast             Erth           ####..       1%          1    #......

Your spell library contained the following spells:

 Spells                   Type           Power        Failure   Level  Hunger
 Stone Arrow              Conj/Erth      ###...       12%         3    ###....
 Passwall                 Tmut/Erth      ###.....     4%          2    ###....
 Lee's Rapid Deconstruct  Erth           ####......   30%         5    ######.
 Petrify                  Tmut/Erth      ###.....     32%         4    #####..


Dungeon Overview and Level Annotations

Branches:
Dungeon (1/1)


Innate Abilities, Weirdness & Mutations

You have an increased reservoir of magic. (+10% MP)


Message History

Casting: Sandblast (safe; 1% risk of failure)
Confirm with . or Enter, or press ? or * to list all spells.
Aiming: Sandblast (safe; 1% risk of failure)
Press: ? - help, Shift-Dir - straight line, f/p - hound
Aim: a hound (moderately wounded)
The blast of sand misses the hound.
The blast of sand hits something.
b - 25 stones You are no longer corroded.
The hound barely misses you. The hound bites you.
* * * LOW HITPOINT WARNING * * *
Casting: Sandblast (safe; 1% risk of failure)
Confirm with . or Enter, or press ? or * to list all spells.
Aiming: Sandblast (safe; 1% risk of failure)
Press: ? - help, Shift-Dir - straight line, f/p - hound
Aim: a hound (moderately wounded)
The blast of sand hits the hound.
The hound is severely wounded.
b - 24 stones The hound bites you.
You die...

▓+▓
▓.▓
▓.▓
▓.▓
▓.▓
▓@▓
▓h▓
▓{▓
▓S▓
▓o▓
▓÷▓
▓÷▓
▓'▓
▓.▓


You could see a hound, an adder and an orc.

Vanquished Creatures
  A jelly (D)
  A dart slug (D)
  A bat (D)
  A frilled lizard (D)
  2 kobolds (D)
6 creatures vanquished.

Notes
Turn   | Place    | Note
-------+----------+-------------------------------------------
     0 | D        | raistware the Demigod Earth Elementalist began the quest for the Orb.
     0 | D        | Reached XP level 1. HP: 14/14 MP: 5/5
    10 | D        | Reached skill level 3 in Earth Magic
    19 | D        | Reached skill level 4 in Earth Magic
   251 | D        | Noticed a hound
   251 | D        | Noticed a sky beast
   251 | D        | Noticed a jelly
   255 | D        | Killed a jelly
   255 | D        | Reached skill level 6 in Earth Magic
   255 | D        | Reached XP level 2. HP: 8/20 MP: 4/7
   255 | D        | Reached XP level 3. HP: 11/26 MP: 4/8
   268 | D        | HP: 1/26 [hound (5)]
   269 | D        | Slain by a hound

Vault maps used:
D:        linesprint

Skill      XL: |  1 |
---------------+----+-----
Earth Magic    | 6 |  6.4
Dodging        | |  1.7
Stealth        | |  1.7
Spellcasting   | |  1.7
Transmutations | |  0.8

Action                   || total
-------------------------++-------
Melee: Unarmed           ||    12
       Dagger            ||     1
 Cast: Sandblast         ||    11
  Use: Scroll            ||     1
Armor: Robe              ||     3
Dodge: Dodged            ||    13

Table legend:
 A = Spawn XP
 B = Non-spawn XP
 C = Spawn XP percentage of total XP
 D = Spawn monster count
 E = Non-spawn monster count
 F = Spawn count percentage of total count
 G = Total turns spent on level
                    A         B        C        D         E        F      G
               +---------+---------+-------+---------+---------+-------+---------
         Total |       0 |      50 |   0.0 |       0 |       6 |   0.0 |   269
               +---------+---------+-------+---------+---------+-------+---------
             D |       0 |      50 |   0.0 |       0 |       6 |   0.0 |   269
               +---------+---------+-------+---------+---------+-------+---------
